TOP OF THE 1ST |
Decatur Commodores batting - Pitching for Cedar Rapids Cardinals : RHP Gerald Busby
|
Pitching: RHP Gerald Busby
|
|
Batting: LHB Alexis Marte
|
0-0: Ball 1-0: Ground out 6-3 (Groundball, 6, EV 100.0 MPH)
|
Batting: SHB Roger Holt
|
0-0: Ball 1-0: Ball 2-0: Foul Ball, location: 2F 2-1: Ground out 5-3 (Groundball, 56, EV 91.3 MPH)
|
Batting: SHB Daniel Wieser
|
0-0: Foul Ball, location: 2F 0-1: Ball 1-1: Ball 2-1: Called Strike 2-2: Foul Ball, location: 2F 2-2: Foul Ball, location: 2F 2-2: Foul Ball, location: 2F 2-2: Ground out U3 (Groundball, 34, EV 101.3 MPH)
|
Top of the 1st over - 0 runs, 0 hits, 0 errors, 0 left on base; Decatur 0 - Cedar Rapids 0 |
BOTTOM OF THE 1ST |
Cedar Rapids Cardinals batting - Pitching for Decatur Commodores : LHP Mitch Williams
|
Pitching: LHP Mitch Williams
|
|
Batting: RHB Nehames Bernstine
|
0-0: Foul Ball, location: 2F 0-1: Bunt missed! 0-2: Foul Ball, location: 2F 0-2: Strikes out swinging
|
Batting: RHB Winston Ficklin
|
0-0: Ball 1-0: Called Strike 1-1: Swinging Strike 1-2: Ball 2-2: Ball 3-2: Fly out, F8 (Flyball, 89M, EV 89.4 MPH)
|
Batting: RHB Reggie D Williams
|
0-0: Ball 1-0: Ball 2-0: Reached on error, E6 (Groundball, 6, EV 85.6 MPH)
|
Batting: RHB Carson Carroll
|
0-0: Ball 1-0: Ball 2-0: Foul Ball, location: 2F 2-1: TRIPLE (Line Drive, 78XD, EV 112.5 MPH) Reggie D Williams scores
|
Batting: RHB Mark Poole
|
0-0: Ball 1-0: Fly out, F8 (Flyball, 8LXD, EV 91.9 MPH)
|
Bottom of the 1st over - 1 run, 1 hit, 1 error, 1 left on base; Decatur 0 - Cedar Rapids 1 |
TOP OF THE 2ND |
Decatur Commodores batting - Pitching for Cedar Rapids Cardinals : RHP Gerald Busby
|
Batting: LHB David Showalter
|
0-0: Swinging Strike 0-1: Foul Ball, location: 2F 0-2: Ball 1-2: Fly out, F6 (Popup, 6, EV 70.0 MPH)
|
Batting: SHB Rondin Johnson
|
0-0: Ball 1-0: Foul Ball, location: 2F 1-1: Swinging Strike 1-2: Ball 2-2: Foul Ball, location: 2F 2-2: Strikes out swinging
|
Batting: LHB Jerry Miller
|
0-0: Ball 1-0: Ball 2-0: Called Strike 2-1: Fly out, F8 (Flyball, 8LD, EV 90.6 MPH)
|
Top of the 2nd over - 0 runs, 0 hits, 0 errors, 0 left on base; Decatur 0 - Cedar Rapids 1 |
BOTTOM OF THE 2ND |
Cedar Rapids Cardinals batting - Pitching for Decatur Commodores : LHP Mitch Williams
|
Batting: SHB Bryan Hoppie
|
0-0: Ball 1-0: Ball 2-0: Ball 3-0: Called Strike 3-1: Called Strike 3-2: Base on Balls
|
Batting: RHB Dean Kornacker
|
0-0: Ball 1-0: Ball 2-0: Called Strike 2-1: Ball 3-1: Hit by Pitch Bryan Hoppie to second
|
Batting: LHB Chris Henry
|
0-0: Ball 1-0: Swinging Strike 1-1: Ball 2-1: Ball 3-1: Fielders Choice at 2nd, 4-6 (Groundball, 4S, EV 79.4 MPH) Bryan Hoppie to third
|
Batting: SHB Duane Johnson
|
0-0: Ball Chris Henry steals 2nd base 1-0: Ball 2-0: Ball 3-0: Base on Balls
|
Batting: RHB Nehames Bernstine
|
0-0: Ball 1-0: Ball 2-0: Ball 3-0: Foul Ball, location: 2F 3-1: Base on Balls Bryan Hoppie scores Chris Henry to third Duane Johnson to second
|
Batting: RHB Winston Ficklin
|
0-0: DOUBLE (Line Drive, 78D, EV 108.8 MPH) Chris Henry scores Duane Johnson scores Nehames Bernstine to third Runner from 3rd tries for Home, SAFE, throw by CF to trailing runner, SAFE at third!
|
Batting: RHB Reggie D Williams
|
0-0: Ball 1-0: Foul Ball, location: 2F 1-1: Ball 2-1: Ground out 5-3 (Groundball, 56, EV 108.1 MPH) Winston Ficklin scores
|
Batting: RHB Carson Carroll
|
0-0: Ball 1-0: Ball 2-0: Ball 3-0: Base on Balls
|
Batting: RHB Mark Poole
|
0-0: Ball 1-0: Swinging Strike 1-1: Ball 2-1: Ball 3-1: Foul Ball, location: 2F 3-2: Ground out 6-3 (Groundball, 6, EV 102.5 MPH)
|
Bottom of the 2nd over - 5 runs, 1 hit, 0 errors, 1 left on base; Decatur 0 - Cedar Rapids 6 |
TOP OF THE 3RD |
Decatur Commodores batting - Pitching for Cedar Rapids Cardinals : RHP Gerald Busby
|
Batting: RHB Clifton Wilder
|
0-0: Ball 1-0: Fly out, F8 (Flyball, 8LM, EV 79.4 MPH)
|
Batting: LHB Samuel Taves
|
0-0: Ball 1-0: Foul Ball, location: 2F 1-1: SINGLE (Groundball, P, EV 91.3 MPH) (infield hit)
|
Batting: RHB Rex Farrior
|
0-0: Called Strike 0-1: Swinging Strike 0-2: Foul Ball, location: 2F 0-2: Ball 1-2: Ball 2-2: Ball 3-2: Base on Balls Samuel Taves to second
|
Batting: LHB Alexis Marte
|
0-0: Ball 1-0: Ball 2-0: Foul Ball, location: 2F 2-1: Fielders Choice at 2nd, 1-4 (Groundball, 15S, EV 65.0 MPH) Samuel Taves to third
|
Batting: SHB Roger Holt
|
0-0: Ball 1-0: Called Strike 1-1: Ball 2-1: Fly out, F8 (Flyball, 78D, EV 95.6 MPH)
|
Top of the 3rd over - 0 runs, 1 hit, 0 errors, 2 left on base; Decatur 0 - Cedar Rapids 6 |
BOTTOM OF THE 3RD |
Cedar Rapids Cardinals batting - Pitching for Decatur Commodores : LHP Mitch Williams
|
Batting: SHB Bryan Hoppie
|
0-0: Called Strike 0-1: Foul Ball, location: 2F 0-2: Ball 1-2: Foul Ball, location: 2F 1-2: Ball 2-2: Ball 3-2: Foul Ball, location: 2F 3-2: Base on Balls
|
Batting: RHB Dean Kornacker
|
0-0: Called Strike Bryan Hoppie is caught stealing 2nd base 2-4 0-1: Ball 1-1: Called Strike 1-2: Foul Ball, location: 2F 1-2: Strikes out looking
|
Batting: LHB Chris Henry
|
0-0: Ball 1-0: Ball 2-0: Ball 3-0: Base on Balls
|
Batting: SHB Duane Johnson
|
0-0: Called Strike 0-1: SINGLE (Line Drive, 4MD, EV 98.1 MPH) Chris Henry to second Runner from 2nd tries for 3rd, SAFE, throw by CF made to third
|
Batting: RHB Nehames Bernstine
|
0-0: Called Strike 0-1: DOUBLE (Line Drive, 7LM, EV 103.1 MPH) Chris Henry scores Duane Johnson to third Runner from 3rd tries for Home, SAFE, throw by LF to home
|
Pitching: LHP James Oates
|
|
Batting: RHB Winston Ficklin
|
0-0: Called Strike 0-1: Ball 1-1: Ball 2-1: Foul Ball, location: 2F 2-2: Ball 3-2: Foul Ball, location: 2F 3-2: Base on Balls
|
Batting: RHB Reggie D Williams
|
0-0: SINGLE (Groundball, 13, EV 83.1 MPH) (infield hit) Nehames Bernstine to third Winston Ficklin to second
|
Batting: RHB Carson Carroll
|
0-0: Called Strike 0-1: Foul Ball, location: 2F 0-2: Ball 1-2: Ball 2-2: Foul Ball, location: 2F 2-2: Fielders Choice at 2nd, 6-4 (Groundball, 6, EV 76.3 MPH)
|
Bottom of the 3rd over - 2 runs, 3 hits, 0 errors, 3 left on base; Decatur 0 - Cedar Rapids 8 |
TOP OF THE 4TH |
Decatur Commodores batting - Pitching for Cedar Rapids Cardinals : RHP Gerald Busby
|
Batting: SHB Daniel Wieser
|
0-0: Ball 1-0: Foul Ball, location: 2F 1-1: Ball 2-1: Ground out 4-3 (Groundball, 4, EV 99.4 MPH)
|
Batting: LHB David Showalter
|
0-0: Ball 1-0: Ball 2-0: SINGLE (Line Drive, 34D, EV 98.8 MPH)
|
Batting: SHB Rondin Johnson
|
0-0: Ball 1-0: Ball 2-0: Fly out, F8 (Line Drive, 8LM, EV 86.3 MPH)
|
Batting: LHB Jerry Miller
|
0-0: Ball 1-0: Ball 2-0: Called Strike 2-1: Fly out, F9 (Flyball, 89S, EV 95.0 MPH)
|
Top of the 4th over - 0 runs, 1 hit, 0 errors, 1 left on base; Decatur 0 - Cedar Rapids 8 |
BOTTOM OF THE 4TH |
Cedar Rapids Cardinals batting - Pitching for Decatur Commodores : LHP James Oates
|
Batting: RHB Mark Poole
|
0-0: Ball 1-0: Foul Ball, location: 2F 1-1: Fly out, F7 (Flyball, 7S, EV 86.9 MPH)
|
Batting: SHB Bryan Hoppie
|
0-0: Fly out, F7 (Flyball, 7, EV 81.9 MPH)
|
Batting: RHB Dean Kornacker
|
0-0: Ground out 6-3 (Groundball, 6MS, EV 81.3 MPH)
|
Bottom of the 4th over - 0 runs, 0 hits, 0 errors, 0 left on base; Decatur 0 - Cedar Rapids 8 |
TOP OF THE 5TH |
Decatur Commodores batting - Pitching for Cedar Rapids Cardinals : RHP Gerald Busby
|
Batting: RHB Clifton Wilder
|
0-0: Ball 1-0: Ball 2-0: Called Strike 2-1: Called Strike 2-2: Foul Ball, location: 2F 2-2: Foul Ball, location: 2F 2-2: Fly out, F4 (Flyball, 4D, EV 73.1 MPH)
|
Batting: LHB Samuel Taves
|
0-0: Called Strike 0-1: Swinging Strike 0-2: Ball 1-2: SINGLE (Groundball, 34D, EV 104.4 MPH)
|
Batting: RHB Rex Farrior
|
0-0: Ball 1-0: Ball 2-0: Ball 3-0: Called Strike 3-1: Swinging Strike 3-2: Foul Ball, location: 2F 3-2: Foul Ball, location: 2F 3-2: Foul Ball, location: 2F 3-2: Base on Balls Samuel Taves to second
|
Batting: LHB Alexis Marte
|
0-0: Fly out, F5 (Popup, 56S, EV 76.3 MPH)
|
Batting: SHB Roger Holt
|
0-0: Called Strike 0-1: Fly out, F3 (Popup, 34S, EV 64.4 MPH)
|
Top of the 5th over - 0 runs, 1 hit, 0 errors, 2 left on base; Decatur 0 - Cedar Rapids 8 |
BOTTOM OF THE 5TH |
Cedar Rapids Cardinals batting - Pitching for Decatur Commodores : LHP James Oates
|
Batting: LHB Chris Henry
|
0-0: Foul Ball, location: 2F 0-1: Ball 1-1: Reached via error on a dropped throw from 1B, E1 (Groundball, 34S, EV 88.1 MPH)
|
Batting: SHB Duane Johnson
|
0-0: Ball 1-0: Called Strike 1-1: Called Strike 1-2: Ball 2-2: Strikes out looking
|
Batting: RHB Nehames Bernstine
|
0-0: Fly out, F4 (Flyball, 34D, EV 91.9 MPH)
|
Batting: RHB Winston Ficklin
|
0-0: Ball 1-0: Swinging Strike 1-1: Fly out, F9 (Flyball, 9LM, EV 96.3 MPH)
|
Bottom of the 5th over - 0 runs, 0 hits, 1 error, 1 left on base; Decatur 0 - Cedar Rapids 8 |
TOP OF THE 6TH |
Decatur Commodores batting - Pitching for Cedar Rapids Cardinals : RHP Gerald Busby
|
Pitching: LHP Jeff Twitty
|
|
Batting: SHB Daniel Wieser
|
0-0: Ball 1-0: Ball 2-0: Called Strike 2-1: Called Strike 2-2: Foul Ball, location: 2F 2-2: Ball 3-2: Ground out 5-3 (Groundball, 56S, EV 68.8 MPH)
|
Batting: LHB David Showalter
|
0-0: Foul Ball, location: 2F 0-1: Called Strike 0-2: Strikes out looking
|
Batting: SHB Rondin Johnson
|
0-0: Ground out 3-1 (Groundball, 13, EV 85.0 MPH)
|
Top of the 6th over - 0 runs, 0 hits, 0 errors, 0 left on base; Decatur 0 - Cedar Rapids 8 |
BOTTOM OF THE 6TH |
Cedar Rapids Cardinals batting - Pitching for Decatur Commodores : LHP James Oates
|
Batting: RHB Reggie D Williams
|
0-0: Called Strike 0-1: Ground out 1-3 (Groundball, 13, EV 70.0 MPH)
|
Batting: RHB Carson Carroll
|
0-0: Ground out 6-3 (Groundball, 56, EV 81.3 MPH)
|
Batting: RHB Mark Poole
|
0-0: Called Strike 0-1: Ball 1-1: Ball 2-1: Called Strike 2-2: Ground out 4-3 (Groundball, 4, EV 79.4 MPH)
|
Bottom of the 6th over - 0 runs, 0 hits, 0 errors, 0 left on base; Decatur 0 - Cedar Rapids 8 |
TOP OF THE 7TH |
Decatur Commodores batting - Pitching for Cedar Rapids Cardinals : LHP Jeff Twitty
|
Batting: LHB Jerry Miller
|
0-0: Ball 1-0: Ground out U3 (Groundball, 13, EV 84.4 MPH)
|
Batting: RHB Clifton Wilder
|
0-0: Called Strike 0-1: Swinging Strike 0-2: Ground out 6-3 (Groundball, 6, EV 80.0 MPH)
|
Batting: LHB Samuel Taves
|
0-0: Ball 1-0: Ball 2-0: Ball 3-0: Called Strike 3-1: Foul Ball, location: 2F 3-2: Foul Ball, location: 2F 3-2: Strikes out looking
|
Top of the 7th over - 0 runs, 0 hits, 0 errors, 0 left on base; Decatur 0 - Cedar Rapids 8 |
BOTTOM OF THE 7TH |
Cedar Rapids Cardinals batting - Pitching for Decatur Commodores : LHP James Oates
|
Pitching: RHP Denny Schafer
|
|
Batting: SHB Bryan Hoppie
|
0-0: Swinging Strike 0-1: Ball 1-1: SOLO HOME RUN (Flyball, 9D, EV 100.0 MPH), Distance : 356 ft
|
Batting: RHB Dean Kornacker
|
0-0: Called Strike 0-1: Ball 1-1: Fly out, F9 (Line Drive, 9D, EV 95.0 MPH)
|
Batting: LHB Chris Henry
|
0-0: Ball 1-0: Ball 2-0: Ball 3-0: Base on Balls
|
Batting: SHB Duane Johnson
|
0-0: Called Strike 0-1: Ball 1-1: Ball 2-1: Ball 3-1: 2-RUN HOME RUN (Flyball, 9LD, EV 112.5 MPH), Distance : 349 ft
|
Batting: RHB Nehames Bernstine
|
0-0: Ball 1-0: SINGLE (Line Drive, 3D, EV 103.8 MPH)
|
Batting: RHB Winston Ficklin
|
0-0: Fly out, F8 (Flyball, 8RXD, EV 96.9 MPH)
|
Batting: RHB Reggie D Williams
|
0-0: Swinging Strike 0-1: Called Strike 0-2: SINGLE (Flyball, 9LS, EV 85.6 MPH) Nehames Bernstine to second
|
Batting: RHB Carson Carroll
|
0-0: Called Strike 0-1: Ball 1-1: Ball 2-1: Ball 3-1: Called Strike 3-2: Foul Ball, location: 2F 3-2: Base on Balls Nehames Bernstine to third Reggie D Williams to second
|
Batting: RHB Mark Poole
|
0-0: Swinging Strike 0-1: DOUBLE (Line Drive, 89XD, EV 101.3 MPH) Nehames Bernstine scores Reggie D Williams scores Carson Carroll to third Runner from 3rd tries for Home, SAFE, throw by RF to home
|
Pitching: RHP William Martin
|
|
Batting: SHB Bryan Hoppie
|
0-0: Ball 1-0: Called Strike 1-1: Ball 2-1: Ball 3-1: Called Strike 3-2: Strikes out swinging
|
Bottom of the 7th over - 6 runs, 5 hits, 0 errors, 1 left on base; Decatur 0 - Cedar Rapids 14 |
TOP OF THE 8TH |
Decatur Commodores batting - Pitching for Cedar Rapids Cardinals : LHP Jeff Twitty
|
Batting: RHB Rex Farrior
|
0-0: Called Strike 0-1: Swinging Strike 0-2: Ball 1-2: Foul Ball, location: 2F 1-2: Foul Ball, location: 2F 1-2: Strikes out swinging
|
Batting: LHB Alexis Marte
|
0-0: Called Strike 0-1: Called Strike 0-2: Ball 1-2: Strikes out looking
|
Batting: SHB Roger Holt
|
0-0: Foul Ball, location: 2F 0-1: Foul Ball, location: 2F 0-2: Ball 1-2: Foul Ball, location: 2F 1-2: Ground out 6-3 (Groundball, 6, EV 85.0 MPH)
|
Top of the 8th over - 0 runs, 0 hits, 0 errors, 0 left on base; Decatur 0 - Cedar Rapids 14 |
BOTTOM OF THE 8TH |
Cedar Rapids Cardinals batting - Pitching for Decatur Commodores : RHP William Martin
|
Batting: RHB Dean Kornacker
|
0-0: Ball 1-0: Called Strike 1-1: Swinging Strike 1-2: Ball 2-2: Foul Ball, location: 2F 2-2: Foul Ball, location: 2F 2-2: Ground out 6-3 (Groundball, 6, EV 96.3 MPH)
|
Batting: LHB Chris Henry
|
0-0: Ball 1-0: Foul Ball, location: 2F 1-1: Swinging Strike 1-2: Foul Ball, location: 2F 1-2: Ground out 6-3 (Groundball, 56, EV 84.4 MPH)
|
Batting: SHB Duane Johnson
|
0-0: Ball 1-0: Ball 2-0: Called Strike 2-1: Ball 3-1: SOLO HOME RUN (Flyball, 9LD, EV 88.1 MPH), Distance : 351 ft
|
Batting: RHB Nehames Bernstine
|
0-0: Ball 1-0: Foul Ball, location: 2F 1-1: Ball 2-1: Swinging Strike 2-2: Ball 3-2: Base on Balls
|
Batting: RHB Winston Ficklin
|
0-0: Ball 1-0: Ball 2-0: Called Strike 2-1: Called Strike 2-2: Strikes out swinging
|
Bottom of the 8th over - 1 run, 1 hit, 0 errors, 1 left on base; Decatur 0 - Cedar Rapids 15 |
TOP OF THE 9TH |
Decatur Commodores batting - Pitching for Cedar Rapids Cardinals : LHP Jeff Twitty
|
Batting: SHB Daniel Wieser
|
0-0: Ball 1-0: Called Strike 1-1: Fly out, F3 (Line Drive, 3, EV 68.8 MPH)
|
Batting: LHB David Showalter
|
0-0: Ball 1-0: Called Strike 1-1: Swinging Strike 1-2: Ball 2-2: Strikes out swinging
|
Batting: SHB Rondin Johnson
|
0-0: Ball 1-0: Called Strike 1-1: Foul Ball, location: 2F 1-2: Strikes out swinging
|
Top of the 9th over - 0 runs, 0 hits, 0 errors, 0 left on base; Decatur 0 - Cedar Rapids 15 |
|